 Dungeon Crawl Stone Soup version 0.27.0-1-g7a089689b8 (webtiles) character file.

Game seed: 1233671309476898443

26070 Malachi the Black Belt (level 12, -9/111 HPs)
             Began as a Troll Monk on Aug 15, 2021.
             Was the Champion of Jiyva.
             Mangled by a large abomination (23 damage)
             ... on level 2 of the Abyss.
             The game lasted 00:26:00 (12974 turns).

Malachi the Black Belt (Troll Monk)                Turns: 12974, Time: 00:26:01

Health: -9/111     AC: 11    Str: 20    XL:     12   Next: 95%
Magic:  11/11      EV: 13    Int:  8    God:    Jiyva [******]
Gold:   769        SH:  0    Dex: 21    Spells: 11/11 levels left

rFire    + . .     SeeInvis .     - Unarmed
rCold    + . .     Faith    .   (no shield)
rNeg     + . .     Spirit   .   k - +0 troll leather armour
rPois    +         Reflect  .   (helmet restricted)
rElec    +         Harm     .   p - +2 ratskin cloak {*Rats rPois rN+ Str-1 Int-1 Dex+1}
rCorr    +         Rampage  .   (gloves unavailable)
Will     .....                  (boots unavailable)
Stlth    +++.......             m - amulet of regeneration
HPRegen  3.28/turn              o - +6 ring of strength
MPRegen  0.12/turn              (no ring)

@: about to teleport, resistant
A: large, unfitting armour, claws 3, regeneration 1, shaggy fur 1, tough skin 1,
beak, eyeballs 1, gelatinous body 2, translucent skin 1, jelly absorbing
missiles
a: Renounce Religion, Request Jelly, Slimify, Cure Bad Mutation


You were on level 2 of the Abyss.
You worshipped Jiyva.
Jiyva was exalted by your worship.
You visited 2 branches of the dungeon, and saw 15 of its levels.
You visited the Abyss 1 time.

You collected 769 gold pieces.

Inventory:

Armour
 a - a +0 robe
 k - a +0 troll leather armour (worn)
 p - the +2 ratskin cloak (worn) {*Rats rPois rN+ Str-1 Int-1 Dex+1}
   (You found it on level 7 of the Dungeon)

   When the wearer is hurt, rats may emerge from it to assist them.
   Str:       It affects your strength (-1).
   Int:       It affects your intelligence (-1).
   Dex:       It affects your dexterity (+1).
   rPois:     It protects you from poison.
   rN:        It protects you from negative energy.
Magical Staves
 n - a staff of death
Jewellery
 d - a ring of fire
 h - an amulet of reflection
 l - a ring of ice
 m - an amulet of regeneration (around neck)
 o - a +6 ring of strength (left claw)
Wands
 f - a wand of digging (2)
 r - a wand of charming (5)
 s - a wand of polymorph (6)
Scrolls
 b - a scroll of enchant armour {unknown}
 i - 3 scrolls of identify
 q - a scroll of teleportation
 u - a scroll of fear {unknown}
Potions
 c - 6 potions of curing
 e - a potion of flight
 j - a potion of heal wounds
 t - 2 potions of brilliance


   Skills:
 + Level 5.4 Fighting
 + Level 3.5 Armour
 - Level 2.9 Dodging
 - Level 1.0 Stealth
 * Level 19.1 Unarmed Combat
 + Level 0.9 Evocations


You had 11 spell levels left.
You didn't know any spells.
Your spell library contained the following spells:

 Spells                   Type           Power      Damage    Failure   Level
 Freeze                   Ice            0%         1d3       45%         1
 Magic Dart               Conj           0%         1d3       45%         1
 Call Imp                 Summ           0%         N/A       58%         2
 Sublimation of Blood     Necr           0%         N/A       58%         2
 Frozen Ramparts          Ice            0%         1d2       83%         3
 Mephitic Cloud           Conj/Pois/Air  0%         N/A       83%         3
 Tukima's Dance           Hex            0%         N/A       83%         3
 Hailstorm                Conj/Ice       0%         3d3       99%         4
 Passage of Golubria      Tloc           N/A        N/A       99%         4
 Petrify                  Tmut/Erth      0%         N/A       99%         4
 Irradiate                Conj/Tmut      0%         3d14      100%        5
 Yara's Violent Unravell  Hex/Tmut       0%         3d3       100%        5


Dungeon Overview and Level Annotations

Branches:
Dungeon (14/15)            Temple (0/1) D:7            Lair (0/6) D:9
    Orc (1/2) D:12
 Vaults: D:13-14

Altars:
Dithmenos
Fedhas
Gozag
Kikubaaqudgha
Sif Muna
Vehumet
Wu Jian
Xom
Yredelemnul
Jiyva

Shops:
D:2 (   D:5 **   D:13 (

Annotations:
D:3 2 transporters, kuniqs's ghost, novice MiGl
D:4 2 transporters, Malachi's ghost, amateur NaIE
D:9 1 exclusion
Orc:1 Snorg


Innate Abilities, Weirdness & Mutations

You are too large for most types of armour.
You have claws for hands.
Your natural rate of healing is unusually fast.
You are covered in fur. (AC +1)
You have tough skin. (AC +1)
You have a beak for a mouth.
Your body has grown golden eyes which may confuse attackers. (Acc +3)
Your pliable body absorbs attacks. (AC +2, EV +2)
Your translucent skin slightly reduces your foes' accuracy. (Stealth+)
You have a small jelly attached to you that may absorb incoming projectiles.


Message History

As you read the scroll of teleportation, it crumbles to dust.
You feel strangely unstable.
You feel the power of the Abyss delaying your translocation!
You are covered in liquid flames!
The smoke demon hits you but does no damage.
The smoke demon barely misses you.
The smoke demon hits you but does no damage.
The starcursed mass shrieks in your mind.
You claw the smoke demon! You peck the smoke demon.
The smoke demon is almost dead.
You are covered in liquid flames!
You scratch the smoke demon but do no damage.
The smoke demon is almost dead.
You are covered in liquid flames!
The smoke demon gestures at you. The ball of steam hits you!
You mangle the smoke demon!!
You kill the smoke demon!
You are engulfed in a cloud of scalding steam.
You are covered in liquid flames!
A large abomination comes into view.
You scratch the large abomination.
The large abomination is lightly damaged.
You are engulfed in a cloud of scalding steam.
You are covered in liquid flames!
The small abomination hits you!
You scratch the large abomination but do no damage.
You peck the large abomination, but do no damage.
The large abomination is lightly damaged.
You are engulfed in a cloud of scalding steam.
The large abomination hits you!!
* * * LOW HITPOINT WARNING * * *
You shudder from the blow and a jelly pops out!
You feel protected. The small abomination hits you!
* * * LOW HITPOINT WARNING * * *
The starcursed mass shrieks in your mind.
* * * LOW HITPOINT WARNING * * *
The large abomination hits you!!
You die...

.. # . #..
###.# . ###§###
5. . ###.X....#
...# §#@x#
#....#
.#.....X###..
#..#
.#.#.##J..#..#.
.. #.# .#...#
#. ## §.#. .# X
. #§ .. X .# .
.####§# ### #.
. . §#.## . # .
. ..#..#.. #


You could see a starcursed mass, a large abomination (ally target), a small
abomination and a friendly rockslime (summoned).

Vanquished Creatures
  Josephine (D:11)
  2 boulder beetles
  A centaur warrior (D:13)
  2 two-headed ogres
  2 thrashing horrors (Abyss:2)
  A sixfirhy (Abyss:2)
  A wretched star (Abyss:2)
  A deep elf pyromancer (D:12)
  An iron dragon skeleton (Abyss:2)
  A large abomination (Abyss:2)
  3 cyclopes
  2 ugly things
  A manticore (D:12)
  2 smoke demons (Abyss:2)
  A freezing wraith (D:12)
  An unseen horror (D:13)
  2 hellwings (Abyss:2)
  A yaktaur (D:14)
  3 trolls
  2 shadows
  8 wraiths
  3 wyverns
  9 humans (D:14)
  A basilisk (D:9)
  A steam dragon (D:9)
  10 yaks
  A warg (Orc:1)
  An acid dragon (D:12)
  9 orc warriors
  A sky beast (D:6)
  An ice beast (D:6)
  3 necrophages
  5 ogres
  6 centaurs
  A phantom (D:4)
  2 bullfrogs
  A scorpion (D:5)
  A water moccasin zombie (D:5)
  A wyvern skeleton (D:5)
  11 wights
  9 killer bees
  An electric eel (D:6)
  A howler monkey (D:13)
  3 centaur zombies
  A hound (D:3)
  8 orc priests
  Terence (D:2)
  Crazy Yiuf (D:2)
  6 hell rats (D:7)
  3 iguanas
  14 orc wizards
  3 gnolls
  4 adders
  10 river rats (D:7)
  5 white imps
  An adder skeleton (D:4)
  2 dart slugs
  35 orcs
  6 ball pythons
  3 endoplasms (D:2)
  4 giant cockroaches
  4 goblins
  7 hobgoblins
  13 jackals
  A quokka (D:2)
  A bat (D:3)
  2 frilled lizards (D:3)
  9 kobolds
  3 rats
268 creatures vanquished.

Vanquished Creatures (collateral kills)
  Rupert (D:13)
  A two-headed ogre (D:10)
  A death knight (D:12)
  A skeletal warrior (D:12)
  An orc knight (Orc:1)
  A phantasmal warrior (D:12)
  An efreet (D:12)
  A komodo dragon (D:9)
  A yak (D:9)
  2 humans (D:14)
  A large abomination (Abyss:2)
  An orc priest (D:13)
  2 orc wizards
  2 orcs
17 creatures vanquished.

Vanquished Creatures (others)
  A hydra (D:12)
  A centaur zombie (D:10)
  An unseen horror (D:11)
  A tengu conjurer (D:9)
  A komodo dragon (D:9)
  6 slime creatures (D:12)
  A meliai zombie (D:6)
  A wyvern (D:10)
  12 golden eyes (Abyss:2)
  A wraith (D:12)
  A neqoxec (Abyss:2)
  A large abomination (Abyss:2)
  A steam dragon (D:8)
  A water moccasin (D:8)
  An orc warrior (D:11)
  A sky beast (D:7)
  A centaur (D:9)
  A kobold brigand (D:9)
  A bullfrog (D:8)
  11 killer bees
  A wight (D:9)
  2 howler monkeys (D:10)
  2 hounds
  3 orc priests
  63 jellies
  3 orc wizards
  A hound skeleton (D:5)
  4 gnolls
  2 adders (D:4)
  4 river rats (D:7)
  A shadow imp (D:3)
  A white imp (D:6)
  A dart slug (D:3)
  16 orcs
  6 endoplasms
  2 giant cockroaches
  2 goblins (D:1)
  A jackal (D:4)
  5 kobolds (D:9)
  3 quokkas
  3 bats
  3 frilled lizards (D:1)
  3 rats
  A spectral orc (D:4)
  9 plants
188 creatures vanquished.

Grand Total: 473 creatures vanquished

Notes
Turn   | Place    | Note
-------+----------+-------------------------------------------
     0 | D:1      | Malachi the Troll Monk began the quest for the Orb.
     0 | D:1      | Reached XP level 1. HP: 22/22 MP: 0/0
    28 | D:1      | You fall into a shaft and drop 1 floor!
    34 | D:2      | Noticed Terence
    61 | D:2      | Killed Terence
    62 | D:2      | Reached XP level 2. HP: 16/29 MP: 1/1
    62 | D:2      | Reached XP level 3. HP: 20/36 MP: 2/2
   363 | D:2      | Found Yryqehuits's Antique Weapon Shoppe.
   467 | D:2      | Found a faded altar of an unknown god.
   548 | D:2      | Became a worshipper of Jiyva Jiatuh the Shapeless
   548 | D:2      | Reached * piety under Jiyva
   548 | D:2      | Reached ** piety under Jiyva
   623 | D:2      | Found a runed translucent door.
   624 | D:2      | Noticed Crazy Yiuf
   822 | D:2      | Reached *** piety under Jiyva
   824 | D:2      | Gained mutation: You have a small jelly attached to you
                  | that may absorb incoming projectiles. [Jiyva's grace]
  1824 | D:2      | Killed Crazy Yiuf
  1825 | D:2      | Reached skill level 4 in Unarmed Combat
  1825 | D:2      | Reached XP level 4. HP: 19/44 MP: 3/3
  2174 | D:3      | Reached **** piety under Jiyva
  2180 | D:2      | HP: 2/44 [wight (6)]
  2225 | D:2      | Reached skill level 5 in Unarmed Combat
  2225 | D:2      | Reached XP level 5. HP: 52/53 MP: 4/4
  2409 | D:3      | Gained mutation: You have large cloven feet. [Jiyva's
                  | grace]
  2630 | D:3      | Reached skill level 6 in Unarmed Combat
  2630 | D:3      | Reached XP level 6. HP: 59/61 MP: 5/5
  2744 | D:3      | Found an ornate altar of the Wu Jian Council.
  2744 | D:3      | Found a shimmering blue altar of Sif Muna.
  2744 | D:3      | Found a blossoming altar of Fedhas.
  2744 | D:3      | Found an opulent altar of Gozag.
  2831 | D:3      | Found a transporter.
  2834 | D:3      | Noticed kuniqs's ghost (novice MiGl)
  2838 | D:3      | Found a transporter.
  3232 | D:4      | Found a transporter.
  3242 | D:4      | Reached ***** piety under Jiyva
  3248 | D:4      | Gained mutation: Your spells are a little harder to cast,
                  | but a little more powerful. [Jiyva's grace]
  3460 | D:4      | Found a basalt altar of Yredelemnul.
  3598 | D:4      | Found a transporter.
  3601 | D:4      | Noticed a steam dragon
  3602 | D:4      | Noticed Malachi's ghost (amateur NaIE)
  3934 | D:5      | Entered Level 5 of the Dungeon
  3946 | D:5      | Reached skill level 7 in Unarmed Combat
  3946 | D:5      | Reached XP level 7. HP: 51/67 MP: 6/6
  4082 | D:5      | Reached skill level 8 in Unarmed Combat
  4164 | D:5      | Lost mutation: You have large cloven feet. [Jiyva's grace]
  4257 | D:5      | Found a radiant altar of Vehumet.
  4397 | D:5      | Found Tipian's Specific Store.
  4399 | D:5      | Found Rurih's General Store.
  4444 | D:5      | Found a shadowy altar of Dithmenos.
  4568 | D:6      | Reached skill level 9 in Unarmed Combat
  4568 | D:6      | Reached XP level 8. HP: 67/75 MP: 7/7
  4900 | D:6      | Reached skill level 10 in Unarmed Combat
  5351 | D:6      | Found an ancient bone altar of Kikubaaqudgha.
  5351 | D:6      | Found a shimmering altar of Xom.
  5599 | D:7      | Found a staircase to the Ecumenical Temple.
  5660 | D:7      | Reached skill level 11 in Unarmed Combat
  5707 | D:7      | Reached ****** piety under Jiyva
  5707 | D:7      | Gained mutation: Your body has grown golden eyes which may
                  | confuse attackers. (Acc +3) [Jiyva's grace]
  6073 | D:7      | Found the +2 ratskin cloak {*Rats rPois rN+ Str-1 Int-1
                  | Dex+1}
  6088 | D:7      | Reached XP level 9. HP: 49/83 MP: 8/8
  6380 | D:8      | You fall into a shaft and drop 1 floor!
  6525 | D:9      | Noticed a seven-headed hydra
  6529 | D:9      | Noticed a tengu conjurer
  6627 | D:8      | Reached skill level 12 in Unarmed Combat
  6700 | D:8      | Gained mutation: Your translucent skin slightly reduces
                  | your foes' accuracy. (Stealth+) [Jiyva's grace]
  7351 | D:8      | Reached skill level 13 in Unarmed Combat
  7514 | D:9      | Reached XP level 10. HP: 92/92 MP: 9/9
  7679 | D:9      | Noticed a boulder beetle
  7696 | D:9      | Killed a boulder beetle
  7697 | D:9      | Reached skill level 14 in Unarmed Combat
  8037 | D:9      | Lost mutation: Your body has grown golden eyes which may
                  | confuse attackers. (Acc +3) [Jiyva's grace]
  8415 | D:9      | Gained mutation: Your rubbery body absorbs attacks. (AC +1,
                  | EV +1) [Jiyva's grace]
  8433 | D:9      | Found a staircase to the Lair.
  8694 | D:10     | Entered Level 10 of the Dungeon
  8876 | D:10     | Lost mutation: Your spells are a little harder to cast, but
                  | a little more powerful. [Jiyva's grace]
  9010 | D:10     | Noticed a two-headed ogre
  9035 | D:10     | Killed a two-headed ogre
  9036 | D:10     | Reached skill level 15 in Unarmed Combat
  9957 | D:11     | Gained mutation: You have a beak for a mouth. [Jiyva's
                  | grace]
 10057 | D:11     | Noticed Josephine
 10069 | D:11     | Reached XP level 11. HP: 87/100 MP: 10/10
 10079 | D:11     | Killed Josephine
 10158 | D:11     | Noticed a two-headed ogre
 10160 | D:11     | Reached skill level 16 in Unarmed Combat
 10169 | D:11     | Killed a two-headed ogre
 10170 | D:11     | Reached skill level 1 in Armour
 10526 | D:11     | Noticed a boulder beetle
 10550 | D:11     | Killed a boulder beetle
 10746 | D:12     | Noticed a cyan ugly thing
 10754 | D:12     | Killed a cyan ugly thing
 10758 | D:12     | Killed a five-headed hydra
 10819 | D:12     | Noticed a deep elf pyromancer
 10949 | D:12     | Gained mutation: Your body has grown golden eyes which may
                  | confuse attackers. (Acc +3) [Jiyva's grace]
 10982 | D:12     | Found a staircase to the Orcish Mines.
 10997 | D:12     | Killed a deep elf pyromancer
 10998 | D:12     | Reached skill level 17 in Unarmed Combat
 11026 | D:12     | Noticed a death knight
 11046 | Orc:1    | Entered Level 1 of the Orcish Mines
 11101 | Orc:1    | Noticed an orc knight
 11114 | Orc:1    | Killed an orc knight
 11148 | Orc:1    | Noticed Snorg
 11148 | Orc:1    | Noticed an orc knight
 11168 | D:12     | Noticed a skeletal warrior
 11169 | D:12     | Noticed a phantasmal warrior
 11178 | D:12     | Killed a death knight
 11188 | D:12     | Killed a skeletal warrior
 11189 | D:12     | Reached XP level 12. HP: 46/109 MP: 11/11
 11355 | D:13     | Noticed Rupert
 11361 | D:13     | HP: 1/102 [Rupert (5)]
 11366 | D:13     | Killed Rupert
 11495 | D:13     | Noticed a two-headed ogre
 11504 | D:13     | Killed a two-headed ogre
 11505 | D:13     | Reached skill level 18 in Unarmed Combat
 11519 | D:13     | Found Capnen's Antique Weapon Shoppe.
 11767 | D:13     | Reached skill level 5 in Fighting
 11880 | D:13     | Noticed a centaur warrior
 11890 | D:13     | Killed a centaur warrior
 11921 | D:13     | Gained mutation: Your pliable body absorbs attacks. (AC +2,
                  | EV +2) [Jiyva's grace]
 12229 | D:14     | Cast into level 2 of the Abyss (a wizard)
 12337 | Abyss:2  | Noticed a tentacled starspawn
 12635 | Abyss:2  | Noticed a balrug
 12635 | Abyss:2  | Noticed a vampire mage
 12913 | Abyss:2  | Noticed a starcursed mass
 12926 | Abyss:2  | Reached skill level 19 in Unarmed Combat
 12974 | Abyss:2  | Mangled by a large abomination

Illustrated notes

Levels and vault maps discovered:
D:1:      erik_arrival_triangle_large, layout_basic
D:2:      layout_basic, serial_shops, shop,
          hellmonk_ecumenical_altar_inner_sanctum, uniq_terence,
          uniq_crazy_yiuf_cottage
D:3:      minmay_diamond_boxcup, layout_loops_ring,
          chequers_temple_overflow_statue_of_worship, gammafunk_ghost_arena,
          minmay_vboxes
D:4:      layout_cave_pools, yredelemnul_forgotten_temple_becter,
          gammafunk_ghost_arena, nicolae_zen_rock_garden,
          kennysheep_generic_room_6
D:5:      layout_basic, vehumet_crystals, old_standard_altar,
          grunt_ministairs_11, nicolae_specific_store
D:6:      layout_gridville, gammafunk_temple_overflow_wave,
          chequers_serial_rivers_micro_e, fountainhead
D:7:      wander_guarded_unrand_ratskin, layout_basic,
          minmay_temple_entry_sparse_star
D:8:      layout_cave_pods
D:9:      layout_roguey, erik_lair_dragon, minmay_three_doors
D:10:     layout_grid_maze
D:11:     layout_loops_ring, uniq_josephine
D:12:     layout_big_octagon, orc_0_dummy
D:13:     layout_loops_ring, serial_shops, nicolae_shop_overgrown_old_shop,
          uniq_rupert
D:14:     layout_basic, grunt_vaults_entry_tiered, minmay_misc_feat_enclosed
Orc:1:    layout_caves, serial_shops, nicolae_shop_trees,
          statue_in_the_mist_lemuel, uniq_snorg
Abyss:2:  base: D:3, base:
Gauntlet

Skill      XL: |  1  2  3  4  5  6  7  8  9 10 11 12 |
---------------+-------------------------------------+-----
Unarmed Combat | 4 5 6 7 9 11 13 15 17 19 | 19.1
Fighting       | 3 4 5 |  5.4
Armour         | 2 3 |  3.5
Dodging        | |  2.9
Stealth        | |  1.0
Evocations     | |  0.9

Action                   |  1- 3 |  4- 6 |  7- 9 | 10-12 || total
-------------------------+-------+-------+-------+-------++-------
Melee: Unarmed           |    76 |   109 |   276 |   492 ||   953
       Punch             |     2 |     1 |    12 |    46 ||    61
       Kick              |       |    16 |    12 |       ||    28
       Peck              |       |       |       |   108 ||   108
Evoke: Wand              |       |       |       |     9 ||     9
  Use: Potion            |       |     3 |     2 |     4 ||     9
       Scroll            |       |     2 |     2 |    10 ||    14
 Stab: Sleeping          |     1 |     4 |     2 |     3 ||    10
       Confused          |       |       |     1 |     1 ||     2
       Distracted        |       |       |       |     2 ||     2
Armor: Robe              |    20 |    25 |    68 |    43 ||   156
       Troll leather arm |       |       |       |   147 ||   147
Dodge: Dodged            |    40 |    42 |   101 |   281 ||   464
